 Dungeon Crawl Stone Soup version 0.25.0-9-g26727b657a (webtiles) character file.

Game seed: 10829224082326258256

90 Delamore the Cudgeler (level 4, -2/28 HPs)
             Began as a Gargoyle Fighter on June 19, 2020.
             Slain by an orc wizard
             ... wielding a +0 dagger
              (3 damage)
             ... on level 2 of the Dungeon.
             The game lasted 00:01:55 (2007 turns).

Delamore the Cudgeler (Gargoyle Fighter)            Turns: 2007, Time: 00:01:56

Health: -2/28      AC: 12    Str: 20    XL:     4   Next: 56%
Magic:  4/4        EV:  9    Int:  9    God:
Gold:   78         SH:  4    Dex:  9    Spells: 3/3 levels left

rFire    . . .     SeeInvis .   a - +0 flail
rCold    . . .     Gourm    .   r - +0 buckler
rNeg     + . .     Faith    .   b - +0 scale mail
rPois    ∞         Spirit   .   k - +1 hat
rElec    +         Reflect  .   (no cloak)
rCorr    .         Harm     .   g - +0 pair of gloves
MR       .....                  (no boots)
Stlth    ..........             (no amulet)
HPRegen  0.09/turn              h - ring of attention (curse)
MPRegen  0.09/turn              (no ring)

@: mighty
A: negative energy resistance 1, electricity resistance, unbreathing,
petrification resistance, rot immunity, AC +3
a: no special abilities


You were on level 2 of the Dungeon.
You were not hungry.

You visited 1 branch of the dungeon, and saw 3 of its levels.

You collected 78 gold pieces.

Inventory:

Hand Weapons
 a - a +0 flail (weapon)
Missiles
 i - 20 poisoned darts (quivered)
Armour
 b - a +0 scale mail (worn)
 c - a +0 kite shield
 g - a +0 pair of gloves (worn)
 k - a +1 hat (worn)
 r - a +0 buckler (worn)
Jewellery
 h - a cursed ring of attention (left hand)
Scrolls
 e - 3 scrolls of noise {unknown}
 j - 3 scrolls of teleportation {unknown}
 m - 5 scrolls of identify {unknown}
 n - 2 scrolls of enchant armour {unknown}
Potions
 l - a potion of lignification {unknown}
 o - a potion of curing {unknown}
 p - a potion of brilliance {unknown}
Comestibles
 f - 6 rations


   Skills:
 - Level 3.2 Fighting
 + Level 4.6 Maces & Flails
 - Level 3.2 Armour
 - Level 3.2 Shields


You had 3 spell levels left.
You didn't know any spells.
Your spell library was empty.

Dungeon Overview and Level Annotations

Branches:
Dungeon (3/15)

Altars:
Qazlal
Xom
The Shining One

Annotations:
D:2 Grinder


Innate Abilities, Weirdness & Mutations

You are resistant to torment.
Your stone body is resilient. (AC +3)
You are immune to poison.
You resist negative energy. (rN+)
You are resistant to electric shocks. (rElec)
You can survive without breathing.
You are immune to petrification.
You are immune to rotting.


Message History

The puff of flame hits you!
* * * LOW HITPOINT WARNING * * *
Grinder hits you but does no damage.
Sorry, you're not good enough to have a special ability.
You feel very mighty all of a sudden.
The orc wizard hits you but does no damage.
Grinder blinks!
You block the orc wizard's attack.
You hit the orc wizard.
The orc wizard is heavily wounded.
The orc wizard hits you with a +0 dagger.
* * * LOW HITPOINT WARNING * * *
Grinder says, "There's only one good use for a tongue: cutting it out."
Grinder gestures at you. Pain shoots through your body!
* * * LOW HITPOINT WARNING * * *
The orc wizard closely misses you.
You barely miss the orc wizard.
The orc wizard is heavily wounded.
The orc wizard hits you with a +0 dagger.
You die...

#.# #.#.# ###.#_≈♣≈♣. #.#
#.#.# #.^.._#_.._
#.#######.#.###.#.≈..__≈_
#.##............###≈§.♣♣.
#.##.####.#.###.###≈#♣#.#
#######.##.# ##.#.# #.#
###.### # #.......##.#
#....###.###...### #
#...######.#
#o).........#..... #
###.## #.#
#@#....#.###.#.##.
####...### #.# #[#)####.#
#.#.... ..(......#
#.###.#.# #.# #.#....
####...#.# #.##.5..####.#
#.#.... ##.##.#
#......#.....# #.#....
#.##.# ####....######
#.#.##. #.##.# ##.#.#
#.#.#.. #.##.# #.#.#
##≈....≈ #####.##.# #.#.#
#.###≈..


You could see Grinder and an orc wizard (fast).

Vanquished Creatures
  2 adders (D:2)
  A gnoll (D:1)
  3 worms (D:2)
  A dart slug (D:1)
  A leopard gecko (D:1)
  2 orcs (D:2)
  2 ball pythons
  6 bats
  2 giant cockroaches (D:1)
  4 goblins
  7 hobgoblins
  3 jackals (D:2)
  4 frilled lizards
  3 kobolds
  5 rats
46 creatures vanquished.

Notes
Turn   | Place    | Note
-------+----------+-------------------------------------------
     0 | D:1      | Delamore the Gargoyle Fighter began the quest for the Orb.
     0 | D:1      | Reached XP level 1. HP: 14/14 MP: 1/1
   267 | D:1      | Reached XP level 2. HP: 19/19 MP: 2/2
   378 | D:1      | Reached skill level 3 in Maces & Flails
   569 | D:1      | Reached XP level 3. HP: 19/23 MP: 3/3
  1073 | D:2      | Reached skill level 4 in Maces & Flails
  1128 | D:2      | Reached XP level 4. HP: 27/28 MP: 4/4
  1268 | D:2      | Found a shimmering altar of Xom.
  1277 | D:2      | Found a shimmering altar of Xom.
  1277 | D:2      | Found a shimmering altar of Xom.
  1278 | D:2      | Found a shimmering altar of Xom.
  1278 | D:2      | Found a shimmering altar of Xom.
  1279 | D:2      | Found a shimmering altar of Xom.
  1279 | D:2      | Found a shimmering altar of Xom.
  1287 | D:2      | Found a shimmering altar of Xom.
  1384 | D:2      | Found a glowing golden altar of the Shining One.
  1440 | D:2      | Found a stormy altar of Qazlal.
  1610 | D:2      | Found a shimmering altar of Xom.
  1611 | D:2      | Found a shimmering altar of Xom.
  1964 | D:3      | Noticed Grinder
  2006 | D:2      | HP: 1/28 [Grinder/nerve-wracking pain (5)]
  2007 | D:2      | Slain by an orc wizard

Illustrated notes

Levels and vault maps discovered:
D:1:      dpeg_arrival_arbitrary_c, layout_basic
D:2:      layout_loops_ring, xom_redecorated, grunt_qazlal_sundering,
          old_standard_altar
D:3:      layout_loops_cross, lemuel_crystal_altar,
          nicolae_overflow_hidden_temple, uniq_grinder, uniq_ijyb

Skill      XL: |  1  2  3 |
---------------+----------+-----
Maces & Flails | 3 4 |  4.6
Fighting       | |  3.2
Armour         | |  3.2
Shields        | |  3.2

Action                   |  1- 3 |  4- 6 || total
-------------------------+-------+-------++-------
Melee: Flail             |   125 |    96 ||   221
  Use: Potion            |       |     1 ||     1
  Eat: Chunk             |       |     4 ||     4
Armor: Scale mail        |    89 |    55 ||   144
Dodge: Dodged            |    49 |    36 ||    85
Block: Kite shield       |    82 |    33 ||   115
       Buckler           |       |     4 ||     4
